Map: Abyssal Reef LE

Players

PtitDrogo

  • Race: Protoss Protoss
  • Spawn Location: 11:00

Probe - Winner!

  • Race: Protoss Protoss
  • Spawn Location: 5:00

Event: WCS Austin 2017

VOD

Have the link to the VOD?

Description

Time

  • Played on: April 28, 2017, 9:31 p.m.
  • Length: 8:53

All games in this series

Show
View Real Time Build Order
Export as new Build Order

PtitDrogo Protoss 

Build Orders:  

Get SALT Encoding   

  12  0:01  Probe (Chrono Boost)  
  13  0:11  Probe (Chrono Boost)  
  14  0:17  Pylon  
  14  0:22  Probe (Chrono Boost)  
  15  0:36  Probe (Chrono Boost), Gateway  
  15  0:41  Assimilator  
  16  0:46  Probe (Chrono Boost)  
  18  0:57  Probe (Chrono Boost)  
  18  0:58  Assimilator  
  18  1:07  Probe (Chrono Boost)  
  18  1:08  Gateway  
  19  1:18  Probe (Chrono Boost)  
  20  1:24  Cybernetics Core  
  20  1:28  Probe (Chrono Boost)  
  20  1:31  Pylon  
  21  1:39  Probe (Chrono Boost)  
  22  1:48  Warp Gate  
  22  1:49  Probe (Chrono Boost)  
  25  2:01  Mothership Core (Chrono Boost)  
  29  2:13  Nexus  
  25  2:20  Stalker  
  27  2:29  Stalker  
  29  2:34  Probe (Chrono Boost)  
  30  2:39  Pylon  
  30  2:46  Probe (Chrono Boost)  
  31  2:57  Stalker  
  34  2:59  Probe (Chrono Boost)  
  34  3:04  Pylon  
  34  3:09  Stalker  
  35  3:16  Probe (Chrono Boost)  
  35  3:19  Robotics Facility  
  36  3:25  Probe (Chrono Boost)  
  38  3:28  Probe (Chrono Boost)  
  38  3:35  Probe (Chrono Boost)  
  38  3:41  Probe (Chrono Boost)  
  40  3:45  Pylon  
  40  3:46  Probe (Chrono Boost)  
  41  3:51  Probe (Chrono Boost)  
  41  3:52  Sentry x2  
  46  3:57  Probe (Chrono Boost)  
  48  4:03  Probe (Chrono Boost)  
  48  4:06  Observer  
  48  4:07  Probe (Chrono Boost)  
  50  4:13  Twilight Council  
  50  4:15  Probe (Chrono Boost), Pylon  
  51  4:18  Probe (Chrono Boost)  
  52  4:27  Probe (Chrono Boost)  
  52  4:28  Probe (Chrono Boost)  
  52  4:29  Assimilator  
  52  4:30  Immortal  
  54  4:31  Assimilator  
  54  4:33  Blink  
  54  4:35  Phoenix  
  54  4:38  Probe (Chrono Boost)  
  59  4:40  Probe (Chrono Boost)  
  59  4:41  Pylon  
  60  4:50  Probe (Chrono Boost)  
  60  4:51  Probe (Chrono Boost)  
  62  5:00  Gateway x2  
  62  5:01  Probe (Chrono Boost)  
  62  5:02  Probe (Chrono Boost)  
  64  5:12  Probe (Chrono Boost), Immortal  
  70  5:14  Probe (Chrono Boost)  
  70  5:18  Forge  
  70  5:27  Stalker x2  
  74  5:33  Pylon  
  74  5:39  Protoss Ground Weapons Level 1  
  74  5:40  Pylon  
  74  5:47  Probe (Chrono Boost)  
  74  5:48  Probe (Chrono Boost)  
  76  5:51  Stalker x2  
  80  6:09  Nexus  
  80  6:12  Pylon, Stalker x2  
  80  6:15  Probe (Chrono Boost)  
  85  6:21  Immortal  
  89  6:32  Probe (Chrono Boost)  
  87  6:36  Stalker  
  87  6:37  Stalker x2  
  93  6:44  Pylon  
  93  6:46  Probe x2 (Chrono Boost)  
  95  6:55  Warp Prism  
  97  7:05  Probe (Chrono Boost)  
  85  7:12  Probe (Chrono Boost)  
  86  7:17  Probe (Chrono Boost)  
  86  7:18  Sentry x3  
  86  7:19  Sentry  
  86  7:22  Stargate  
  96  7:24  Probe (Chrono Boost), Stargate  
  96  7:29  Probe (Chrono Boost)  
  97  7:30  Probe (Chrono Boost)  
  97  7:36  Probe (Chrono Boost)  
  99  7:37  Immortal  
  99  7:41  Probe x2 (Chrono Boost)  
  105  7:46  Adept  
  105  7:47  Adept  
  105  7:48  Probe (Chrono Boost)  
  110  7:51  Probe (Chrono Boost)  
  110  7:53  Probe (Chrono Boost)  
  112  8:00  Probe (Chrono Boost), Pylon  
  113  8:13  Adept x2  
  113  8:14  Stalker x2  
  113  8:17  Phoenix x2  
  125  8:22  Probe (Chrono Boost)  
  116  8:36  Stalker x2  
  116  8:39  Probe (Chrono Boost)  
  89  8:46  Stalker x2  
Show
View Real Time Build Order
Export as new Build Order

Probe Protoss - Winner!

Build Orders:  

Get SALT Encoding   

  12  0:00  Probe (Chrono Boost)  
  13  0:11  Probe (Chrono Boost)  
  14  0:17  Pylon  
  14  0:22  Probe (Chrono Boost)  
  15  0:36  Probe (Chrono Boost)  
  15  0:37  Gateway  
  15  0:41  Assimilator  
  16  0:46  Probe (Chrono Boost)  
  17  0:52  Assimilator  
  18  0:57  Probe (Chrono Boost)  
  18  1:04  Gateway  
  18  1:07  Probe (Chrono Boost)  
  19  1:18  Probe (Chrono Boost)  
  20  1:24  Cybernetics Core  
  20  1:28  Probe (Chrono Boost)  
  21  1:34  Pylon  
  21  1:39  Probe (Chrono Boost)  
  22  1:47  Warp Gate  
  22  1:49  Probe (Chrono Boost)  
  18  2:01  Probe (Chrono Boost), Stalker x2  
  28  2:15  Mothership Core (Chrono Boost), Pylon  
  30  2:33  Stalker  
  30  2:34  Stalker  
  30  2:35  Probe (Chrono Boost)  
  35  2:47  Probe (Chrono Boost)  
  35  2:48  Pylon  
  37  2:59  Probe (Chrono Boost)  
  37  3:12  Nexus  
  37  3:16  Probe (Chrono Boost)  
  38  3:26  Robotics Facility  
  38  3:31  Probe (Chrono Boost)  
  40  3:41  Probe (Chrono Boost)  
  40  3:50  Sentry x2  
  40  3:51  Pylon  
  40  3:52  Probe (Chrono Boost)  
  46  4:03  Probe (Chrono Boost)  
  46  4:13  Observer  
  46  4:14  Probe (Chrono Boost)  
  46  4:16  Robotics Bay  
  48  4:24  Probe (Chrono Boost)  
  48  4:26  Probe (Chrono Boost)  
  48  4:29  Warp Prism  
  50  4:33  Phoenix  
  50  4:35  Probe (Chrono Boost)  
  54  4:38  Probe (Chrono Boost), Pylon  
  54  4:46  Probe (Chrono Boost)  
  54  4:51  Assimilator, Probe (Chrono Boost)  
  56  4:53  Assimilator  
  56  4:56  Gravitic Drive, Probe (Chrono Boost)  
  57  5:00  Disruptor  
  57  5:03  Probe (Chrono Boost)  
  62  5:07  Pylon  
  62  5:08  Probe (Chrono Boost)  
  63  5:15  Probe (Chrono Boost)  
  63  5:17  Twilight Council, Phoenix  
  63  5:20  Probe (Chrono Boost)  
  64  5:27  Probe (Chrono Boost)  
  65  5:31  Disruptor, Pylon  
  65  5:33  Probe (Chrono Boost)  
  66  5:38  Forge  
  66  5:41  Gateway  
  66  5:42  Probe (Chrono Boost)  
  70  5:43  Gateway  
  70  5:44  Blink  
  70  5:45  Probe (Chrono Boost)  
  71  5:50  Gateway  
  71  5:54  Probe (Chrono Boost)  
  73  5:57  Probe (Chrono Boost)  
  73  6:02  Disruptor  
  73  6:06  Probe (Chrono Boost)  
  73  6:09  Probe (Chrono Boost)  
  73  6:10  Pylon  
  78  6:11  Protoss Ground Weapons Level 1  
  78  6:21  Probe x2 (Chrono Boost)  
  82  6:33  Probe x2 (Chrono Boost)  
  82  6:34  Disruptor, Gateway  
  82  6:39  Nexus  
  85  6:41  Pylon  
  85  6:49  Sentry  
  85  6:50  Stalker x2  
  91  6:56  Pylon  
  91  7:00  Stalker  
  93  7:05  Disruptor  
  96  7:20  Stalker x2  
  96  7:21  Stalker x2  
  104  7:22  Pylon  
  104  7:25  Pylon  
  104  7:26  Probe x2 (Chrono Boost)  
  104  7:28  Pylon  
  106  7:33  Stalker x2  
  106  7:36  Warp Prism  
  107  7:47  Stalker x2  
  111  7:57  Stalker x2  
  115  8:01  Probe x2 (Chrono Boost)  
  117  8:12  Stalker  
  117  8:13  Stalker x2  
  117  8:15  Assimilator  
  117  8:19  Assimilator  
  123  8:22  Adept x2  
  125  8:40  Stalker x4  
  115  8:52  Stalker x2  
Tags
 
Add a new tag
Caveats
  • Supply blocks, unpowered buildings, or Contaminate may cause inaccurate times.
  • Supply counts are checked every 10 seconds.